 Dungeon Crawl Stone Soup version 0.26.1-11-gd32895ea62 (webtiles) character file.

Game seed: 18256479988961269082

332 Tiocfaidh the Chopper (level 6, 0/47 HPs)
             Began as a Formicid Gladiator on May 29, 2021.
             Slain by Pikel
             ... wielding a +2 whip of flaming
              (9 damage)
             ... on level 4 of the Dungeon.
             The game lasted 00:13:40 (2681 turns).

Tiocfaidh the Chopper (Formicid Gladiator)          Turns: 2681, Time: 00:13:40

Health: 0/47       AC:  6    Str: 21    XL:     6   Next: 82%
Magic:  6/6        EV: 11    Int:  7    God:
Gold:   77         SH:  0    Dex: 12    Spells: 5/5 levels left

rFire    . . .     SeeInvis +   f - +2 whip (venom)
rCold    . . .     Faith    .   (no shield)
rNeg     . . .     Spirit   .   n - +0 scale mail (curse)
rPois    .         Reflect  .   (helmet unavailable)
rElec    .         Harm     .   (no cloak)
rCorr    .         Rampage  .   (no gloves)
Will     .....                  (no boots)
Stlth    ..........             (no amulet)
HPRegen  0.15/turn              (no ring)
MPRegen  0.10/turn              (no ring)

@: no status effects
A: permanent stasis, dig shafts and tunnels, four strong arms, antennae 3
a: Dig, Shaft Self


You were on level 4 of the Dungeon.
You visited 1 branch of the dungeon, and saw 4 of its levels.

You collected 77 gold pieces.

Inventory:

Hand Weapons
 f - a +2 whip of venom (weapon)
 h - a +2 dagger of draining
Missiles
 c - 3 throwing nets (quivered)
 l - 50 sling bullets
Armour
 n - a cursed +0 scale mail (worn)
Scrolls
 a - a scroll of enchant armour {unknown}
 d - 2 scrolls of identify {unknown}
 e - a scroll of random uselessness {unknown}
 j - 2 scrolls of remove curse {unknown}
Potions
 g - 2 potions of might {unknown}
 k - 4 potions of curing {unknown}
 m - a potion of heal wounds {unknown}


   Skills:
 + Level 3.3 Fighting
 + Level 1.2 Short Blades
 + Level 4.3(4.5) Axes
 + Level 1.7(3.3) Maces & Flails
 + Level 2.2 Throwing
 + Level 2.9 Armour
 + Level 3.4 Dodging
 + Level 1.7 Stealth


You had 5 spell levels left.
You didn't know any spells.
Your spell library was empty.

Dungeon Overview and Level Annotations

Branches:
Dungeon (4/15)
 Temple: D:4-7

Altars:
Kikubaaqudgha
Trog
The Shining One

Annotations:
D:4 Pikel


Innate Abilities, Weirdness & Mutations

You cannot be hasted, slowed, berserked, paralysed or teleported.
You can dig through walls and to a lower floor.
Your four strong arms can wield two-handed weapons with a shield.
You have a pair of large antennae on your head. (SInv)


Message History

Pikel is moderately wounded.
Pikel hits you with a +2 whip of flaming.
Pikel burns you.
You hit Pikel.
Pikel looks as sick as possible!
Pikel is heavily wounded.
Pikel hits you but does no damage.
You closely miss Pikel.
Pikel is heavily wounded.
Pikel hits you with a +2 whip of flaming.
Pikel burns you.
You hit Pikel but do no damage.
Pikel looks as sick as possible!
Pikel is heavily wounded.
Pikel hits you with a +2 whip of flaming.
* * * LOW HITPOINT WARNING * * *
Pikel burns you.
* * * LOW HITPOINT WARNING * * *
You miss Pikel.
Pikel is heavily wounded.
Pikel hits you with a +2 whip of flaming!
You die...

#..# #.# #..# ..
#$K# #.##[.#
..#..# #.#{5#
#.#..#
#....############
##...5555K@.....#
#..###########.#
##.# #.# ... #.#
##..# #.# #..#
#.# #... #.#
##..# #.# #.#


You could see Pikel (extremely poisoned) and 4 lemures.

Vanquished Creatures
  Sigmund (D:3)
  A quasit (D:2)
  Terence (D:3)
  6 adders
  An ooze (D:1)
  3 worms
  2 dart slugs
  A leopard gecko (D:3)
  An orc (D:3)
  A ball python (D:3)
  3 bats
  2 giant cockroaches (D:2)
  A goblin (D:1)
  8 hobgoblins
  2 jackals (D:3)
  6 kobolds
  5 frilled lizards
  5 rats
50 creatures vanquished.

Notes
Turn   | Place    | Note
-------+----------+-------------------------------------------
     0 | D:1      | Tiocfaidh the Formicid Gladiator began the quest for the
                  | Orb.
     0 | D:1      | Reached XP level 1. HP: 16/16 MP: 1/1
   227 | D:2      | Reached XP level 2. HP: 21/22 MP: 2/2
   249 | D:2      | Found a glowing golden altar of the Shining One.
   263 | D:2      | Reached XP level 3. HP: 23/27 MP: 3/3
   787 | D:1      | Reached skill level 1 in Stealth
  1100 | D:1      | Reached XP level 4. HP: 31/34 MP: 4/4
  1548 | D:2      | Reached skill level 4 in Axes
  1969 | D:2      | Reached skill level 1 in Armour
  1969 | D:2      | Reached XP level 5. HP: 31/39 MP: 5/5
  2077 | D:3      | Found an ancient bone altar of Kikubaaqudgha.
  2183 | D:3      | Noticed Sigmund
  2194 | D:3      | Killed Sigmund
  2195 | D:3      | Reached skill level 1 in Short Blades
  2195 | D:3      | Reached skill level 1 in Maces & Flails
  2195 | D:3      | Reached XP level 6. HP: 42/47 MP: 6/6
  2511 | D:3      | Noticed Terence
  2520 | D:3      | Killed Terence
  2580 | D:3      | Found a bloodstained altar of Trog.
  2653 | D:4      | Noticed Pikel
  2681 | D:4      | Slain by Pikel

Illustrated notes

Levels and vault maps discovered:
D:1:      eino_arrival_cavern_b, layout_basic
D:2:      layout_loops_corners, tso_oasis_becter, hex_medium
D:3:      layout_rooms, lightli_temple_of_fire, nicolae_overflow_crystal_walls,
          chequers_ecumenical_altar_grove, minmay_misc_feat_nine_boxes,
          uniq_terence, uniq_sigmund
D:4:      layout_basic, serial_shops, nicolae_shop_crystal,
          lightli_corner_chamber, uniq_pikel

Skill      XL: |  1  2  3  4  5 |
---------------+----------------+-----
Dodging        | 3 |  3.4
Stealth        | 1 |  1.7
Axes           | 4 |  4.3
Armour         | 1 2 |  2.9
Fighting       | 3 |  3.3
Short Blades   | 1 |  1.2
Maces & Flails | 1 |  1.7
Throwing       | |  2.2

Action                   |  1- 3 |  4- 6 || total
-------------------------+-------+-------++-------
Melee: War axe           |    60 |       ||    60
       Dagger            |     9 |    28 ||    37
       Whip              |       |    80 ||    80
 Stab: Sleeping          |     2 |       ||     2
Armor: Leather armour    |    19 |    12 ||    31
       Scale mail        |       |    18 ||    18
Dodge: Dodged            |    44 |    71 ||   115
